[Event ""]
[Site "FICS"]
[Date "2023-08-14"]
[Round "7"]
[White "edrobaza"]
[Black "MarianoCG"]
[Result "0-1"]
[WhiteElo "1705"]
[BlackElo "1662"]
[TimeControl "2700+45"]
[Time "02:29:14"]
[PlyCount "141"]

1. e4 d6
2. d4 Nf6
3. Nc3 g6
4. f3 Bg7
5. Be3 O-O
6. Qd2 Nbd7
7. O-O-O a6
8. Bc4 b5
9. Bb3 Bb7
10. Bh6 c5
11. dxc5 Nxc5
12. Bxg7 Kxg7
13. h4 Qa5
14. h5 Nxb3+
15. axb3 Rac8
16. hxg6 fxg6
17. Qh6+ Kh8
18. g4 Qa1+
19. Nb1 Rf7
20. Ne2 Nxg4
21. Qxg6 Rg7
22. Rxh7+ Rxh7
23. Qxg4 Rg8
24. Qf5 Bc8
25. Qd5 Qa5
26. Qd4+ Rgg7
27. Nbc3 Qd8
28. Nd5 Qf8
29. f4 Bg4
30. Re1 Bxe2
31. Rxe2 e6
32. Nf6 Rh4
33. Rf2 Qe7
34. Qc3 Qd8
35. Kb1 Rc7
36. Qa5 Rc8
37. Qxd8+ Rxd8
38. e5 dxe5
39. fxe5 Rh1+
40. Ka2 b4
41. Rg2 Re1
42. Rg5 Rf1
43. Rg4 a5
44. c3 Rf5
45. cxb4 Rxe5
46. bxa5 Rxa5+
47. Kb1 Rf5
48. Rh4+ Kg7
49. Nh5+ Kf7
50. Ng3 Rg5
51. Ne4 Re5
52. Rf4+ Ke7
53. Rh4 Rc8
54. Rh7+ Kd8
55. Rh8+ Kc7
56. Rh7+ Kb6
57. Rh4 Rf5
58. Nd6 Rf1+
59. Ka2 Ra8+
60. Ra4 Rd8
61. Nf7 Rxf7
62. b4 Ra7
63. Kb3 Rxa4
64. Kxa4 e5
65. Kb3 e4
66. Kc2 e3
67. Kb3 e2
68. Ka4 e1=Q
69. Kb3 Qd1+
70. Ka2 Ra8#
0-1